 Dungeon Crawl Stone Soup version bcrawl-1.27.1d (webtiles) character file.

Game seed: 10462628583793713671

339600 Freyura the Shield-Bearer (level 9, -3/74 HPs)
             Began as a Gnoll Fighter on July 28, 2020.
             Was a Believer of the Shining One.
             Slain by Joseph
             ... wielding a +0 quarterstaff
              (14 damage)
             ... on level 7 of the Dungeon.
             The game lasted 00:13:54 (5057 turns).

Freyura the Shield-Bearer (Gnoll Fighter)           Turns: 5057, Time: 00:13:55

Health: -3/74      AC: 12    Str: 31    XL:     9   Next: 61%
Magic:  15/15      EV: 11    Int: 11    God:    the Shining One [**....]
Gold:   235        SH: 15    Dex: 18    Spells: 16/16 levels left

rFire    . . .     SeeInvis .   a - +1 long sword
rCold    . . .     Gourm    .   c - +0 medium shield
rNeg     + . .     Faith    +   g - +2 ring mail {rPois}
rPois    +         Spirit   .   f - +2 helmet
rElec    .         Reflect  .   (no cloak)
rCorr    .         Harm     .   (no gloves)
MR       .....                  (no boots)
Stlth    +.........             p - amulet of faith
HPRegen  0.22/turn              l - +8 ring of strength
MPRegen  0.14/turn              (no ring)

@: mighty, glowing
A: distributed training, fangs 1, strong nose
a: Divine Shield, Renounce Religion


You were on level 7 of the Dungeon.
You worshipped the Shining One.
The Shining One was pleased with you.
You were not hungry.

You visited 2 branches of the dungeon, and saw 8 of its levels.

You collected 368 gold pieces.
You donated 133 gold pieces to Zin.

Inventory:

Hand Weapons
 a - a +1 long sword (weapon)
 n - a +2 whip of flaming
Armour
 b - a +0 scale mail
 c - a +0 medium shield (worn)
 f - a +2 helmet (worn)
 g - a +2 ring mail of poison resistance (worn)
 o - a +0 pair of boots
 r - a +1 pair of boots of stealth
Jewellery
 l - a +8 ring of strength (left hand)
 p - an amulet of faith (around neck)
 w - an uncursed amulet of guardian spirit {unknown}
Wands
 y - a wand of acid (8)
Scrolls
 m - a scroll of teleportation
 q - a scroll of identify
 t - 3 scrolls of fear
 u - a scroll of enchant armour {unknown}
 v - 2 scrolls of amnesia {unknown}
 x - a scroll of vulnerability {unknown}
 z - 3 scrolls of remove curse
 B - a scroll of enchant weapon
 C - a scroll of brand weapon {unknown}
Potions
 d - 2 potions of might
 h - 2 potions of brilliance {unknown}
 i - 2 potions of berserk rage {unknown}
 j - a potion of degeneration {unknown}
 k - 2 potions of curing
 s - a potion of magic {unknown}
 A - a potion of mutation {unknown}
Comestibles
 e - 10 rations {!d}


   Skills:
 + Level 7.9 Fighting
 + Level 4.3 Short Blades
 + Level 6.4 Long Blades
 + Level 4.3 Axes
 + Level 4.3 Maces & Flails
 + Level 4.3 Polearms
 + Level 4.3 Staves
 + Level 4.3 Slings
 + Level 4.3 Bows
 + Level 4.3 Crossbows
 + Level 4.3 Throwing
 + Level 7.9 Armour
 + Level 4.3 Dodging
 + Level 4.3 Stealth
 + Level 7.9 Shields
 + Level 4.3 Unarmed Combat
 + Level 4.3 Spellcasting
 + Level 3.5 Conjurations
 + Level 3.5 Hexes
 + Level 3.5 Charms
 + Level 3.5 Summonings
 + Level 3.5 Necromancy
 + Level 3.5 Translocations
 + Level 3.5 Transmutations
 + Level 3.5 Fire Magic
 + Level 3.5 Ice Magic
 + Level 3.5 Air Magic
 + Level 3.5 Earth Magic
 + Level 3.5 Poison Magic
 + Level 4.8 Invocations
 + Level 4.3 Evocations


You had 16 spell levels left.
You didn't know any spells.
Your spell library contained the following spells:

 Spells                   Type           Power        Failure   Level  Hunger
 Shock                    Conj/Air       ##...        45%         1    None
 Swiftness                Chrm/Air       ##......     58%         2    None
 Static Discharge         Air            ##......     83%         3    ###....
 Airstrike                Air            ##........   99%         4    #####..
 Lightning Bolt           Conj/Air       ##........   100%        5    ######.


Dungeon Overview and Level Annotations

Branches:
Dungeon (7/12)             Temple (1/1) D:4
   Lair: D:7-9

Altars:
Ashenzari
Elyvilon
Fedhas
Gozag
Hepliaklqana
Kikubaaqudgha
Lugonu
Makhleb
Nemelex Xobeh
Okawaru
Vehumet
Xom
Yredelemnul
Zin
The Shining One

Shops:
D:6 ?*[

Annotations:
D:3 3 runed translucent doors, wpisznazwe's ghost, amateur SDSk
D:7 Joseph


Innate Abilities, Weirdness & Mutations

Your experience applies equally to all skills.
You have very sharp teeth.
Your uncanny sense of smell can sniff out nearby items.


Message History

The hound bites you but does no damage. You block Joseph's attack.
You block the hound's attack.
You hit Joseph. Your bite misses Joseph.
Joseph is moderately wounded.
The hound bites you but does no damage. Joseph hits you with a +0 quarterstaff.
* * * LOW HITPOINT WARNING * * *
You slash Joseph!
Joseph is heavily wounded.
The hound closely misses you. You block the hound's attack.
Joseph hits you with a +0 quarterstaff!
* * * LOW HITPOINT WARNING * * *
You feel very mighty all of a sudden. The hound bites you but does no damage.
Joseph says, "I'm here to kill trespassers.
I like my job."
Joseph hits you with a +0 quarterstaff!
* * * LOW HITPOINT WARNING * * *
You block the hound's attack.
You feel better. You block the hound's attack.
Joseph hits you with a +0 quarterstaff!
You die...

.# #.# ##.... #
#...#. #.####..#..
.....##.# #@h# ..#
##@.##.#
#......### .##
#..###....# ....
#.###..##.......
...#...#####.....
.<###.#.....#.....
#.#
##.#........... #.
#..#._8_.......
#..............


You could see Joseph and a hound.

Vanquished Creatures
  Pikel (D:4)
  A cyclops (D:6)
  A troll (D:5)
  A hungry ghost (D:6)
  A phantom (D:5)
  2 sky beasts
  A centaur (D:5)
  An ogre (D:4)
  A bullfrog (D:6)
  3 scorpions (D:6)
  A howler monkey (D:4)
  A crimson imp (D:4)
  A centaur zombie (D:6)
  A hound (D:2)
  3 jellies (D:6)
  A bullfrog skeleton (D:4)
  Ijyb (D:3)
  An iguana (D:4)
  3 orc wizards
  A worker ant (D:4)
  A hound zombie (D:6)
  A hound skeleton (D:6)
  Robin (D:2)
  11 gnolls
  4 adders
  A shadow imp (D:6)
  An ooze (D:4)
  An adder zombie (D:4)
  4 worms
  2 dart slugs
  5 leopard geckos
  11 orcs
  12 goblins
  9 hobgoblins
  7 jackals
  3 quokkas
  A ball python (D:6)
  4 bats
  A frilled lizard (D:4)
  5 kobolds
  2 rats (D:3)
114 creatures vanquished.

Vanquished Creatures (others)
  A gnoll shaman (D:4)
1 creature vanquished.

Grand Total: 115 creatures vanquished

Notes
Turn   | Place    | Note
-------+----------+-------------------------------------------
     0 | D:1      | Freyura the Gnoll Fighter began the quest for the Orb.
     0 | D:1      | Reached XP level 1. HP: 23/23 MP: 1/1
   242 | D:1      | Reached XP level 2. HP: 29/29 MP: 2/2
   621 | D:2      | Noticed Robin
   624 | D:2      | Reached XP level 3. HP: 35/35 MP: 3/3
   635 | D:2      | Killed Robin
   644 | D:2      | Reached skill level 1 in Short Blades
   644 | D:2      | Reached skill level 1 in Axes
   644 | D:2      | Reached skill level 1 in Maces & Flails
   644 | D:2      | Reached skill level 1 in Polearms
   644 | D:2      | Reached skill level 1 in Staves
   644 | D:2      | Reached skill level 1 in Slings
   644 | D:2      | Reached skill level 1 in Bows
   644 | D:2      | Reached skill level 1 in Crossbows
   644 | D:2      | Reached skill level 1 in Throwing
   644 | D:2      | Reached skill level 1 in Dodging
   644 | D:2      | Reached skill level 1 in Stealth
   644 | D:2      | Reached skill level 1 in Unarmed Combat
   644 | D:2      | Reached skill level 1 in Spellcasting
   644 | D:2      | Reached skill level 1 in Invocations
   644 | D:2      | Reached skill level 1 in Evocations
   644 | D:2      | Reached XP level 4. HP: 30/41 MP: 5/5
  1048 | D:2      | Found a burning altar of Makhleb.
  1048 | D:2      | Found a glowing silver altar of Zin.
  1052 | D:2      | Noticed an angel
  1052 | D:2      | Noticed a cacodemon
  1060 | D:2      | Became a worshipper of Zin the Law-Giver
  1060 | D:2      | Reached * piety under Zin
  1604 | D:3      | Found a runed translucent gate.
  1605 | D:3      | Found a runed translucent gate.
  1606 | D:3      | Found a runed translucent gate.
  1644 | D:3      | Noticed wpisznazwe's ghost (amateur SDSk)
  1675 | D:3      | Reached skill level 1 in Conjurations
  1675 | D:3      | Reached skill level 1 in Hexes
  1675 | D:3      | Reached skill level 1 in Charms
  1675 | D:3      | Reached skill level 1 in Summonings
  1675 | D:3      | Reached skill level 1 in Necromancy
  1675 | D:3      | Reached skill level 1 in Translocations
  1675 | D:3      | Reached skill level 1 in Transmutations
  1675 | D:3      | Reached skill level 1 in Fire Magic
  1675 | D:3      | Reached skill level 1 in Ice Magic
  1675 | D:3      | Reached skill level 1 in Air Magic
  1675 | D:3      | Reached skill level 1 in Earth Magic
  1675 | D:3      | Reached skill level 1 in Poison Magic
  1729 | D:3      | Reached XP level 5. HP: 47/47 MP: 6/6
  1815 | D:3      | Reached ** piety under Zin
  1830 | D:3      | Noticed Ijyb
  1847 | D:3      | Found a radiant altar of Vehumet.
  2185 | D:4      | Noticed Pikel
  2185 | D:4      | Noticed a slave
  2185 | D:4      | Noticed a slave
  2185 | D:4      | Noticed a slave
  2185 | D:4      | Noticed a slave
  2222 | D:4      | Killed Pikel
  2222 | D:4      | Reached skill level 5 in Long Blades
  2222 | D:4      | Reached XP level 6. HP: 43/55 MP: 7/9
  2222 | D:4      | Reached XP level 7. HP: 47/60 MP: 7/10
  2715 | D:4      | Reached XP level 8. HP: 52/67 MP: 12/12
  2832 | D:4      | Found a staircase to the Ecumenical Temple.
  2840 | D:4      | Donated 104 gold pieces to Zin
  2842 | Temple   | Entered the Ecumenical Temple
  2981 | D:4      | Reached *** piety under Zin
  3146 | D:3      | Killed Ijyb
  3150 | D:3      | Found an ancient bone altar of Kikubaaqudgha.
  3190 | D:5      | Entered Level 5 of the Dungeon
  3290 | D:5      | Noticed a troll
  3302 | D:5      | Killed a troll
  3708 | D:5      | Found a glowing golden altar of the Shining One.
  3711 | D:5      | Noticed an angel
  3716 | D:5      | Fell from the grace of Zin
  3716 | D:5      | Became a worshipper of the Shining One
  3716 | D:5      | Reached * piety under the Shining One
  3729 | D:5      | Found a basalt altar of Yredelemnul.
  4158 | D:6      | Reached ** piety under the Shining One
  4210 | D:6      | Reached XP level 9. HP: 48/72 MP: 14/14
  4472 | D:6      | Found Fymoamots's Magic Scroll Shop.
  4513 | D:6      | Found Tusour's Armour Shop.
  4514 | D:6      | Noticed a cyclops
  4529 | D:6      | Killed a cyclops
  4857 | D:6      | Found Xuqoij's General Store.
  4987 | D:7      | Found a blossoming altar of Fedhas.
  4987 | D:7      | Found a white marble altar of Elyvilon.
  5041 | D:7      | Noticed Joseph
  5056 | D:7      | HP: 1/74 [Joseph/+0 quarterstaff (13)]
  5057 | D:7      | Slain by Joseph

Skill      XL: |  1  2  3  4  5  6  7  8  9 |
---------------+----------------------------+-----
Short Blades   | 1 2 3 4 |  4.3
Axes           | 1 2 3 4 |  4.3
Maces & Flails | 1 2 3 4 |  4.3
Polearms       | 1 2 3 4 |  4.3
Staves         | 1 2 3 4 |  4.3
Slings         | 1 2 3 4 |  4.3
Bows           | 1 2 3 4 |  4.3
Crossbows      | 1 2 3 4 |  4.3
Throwing       | 1 2 3 4 |  4.3
Dodging        | 1 2 3 4 |  4.3
Stealth        | 1 2 3 4 |  4.3
Unarmed Combat | 1 2 3 4 |  4.3
Spellcasting   | 1 2 3 4 |  4.3
Invocations    | 1 2 3 4 |  4.8
Evocations     | 1 2 3 4 |  4.3
Conjurations   | 1 2 3 |  3.5
Hexes          | 1 2 3 |  3.5
Charms         | 1 2 3 |  3.5
Summonings     | 1 2 3 |  3.5
Necromancy     | 1 2 3 |  3.5
Translocations | 1 2 3 |  3.5
Transmutations | 1 2 3 |  3.5
Fire Magic     | 1 2 3 |  3.5
Ice Magic      | 1 2 3 |  3.5
Air Magic      | 1 2 3 |  3.5
Earth Magic    | 1 2 3 |  3.5
Poison Magic   | 1 2 3 |  3.5
Fighting       | 7 |  7.9
Long Blades    | 5 6 |  6.4
Armour         | 7 |  7.9
Shields        | 7 |  7.9

Action                   |  1- 3 |  4- 6 |  7- 9 || total
-------------------------+-------+-------+-------++-------
Melee: Long sword        |    68 |   109 |   258 ||   435
       Bite              |     7 |    16 |    48 ||    71
Invok: Donate Gold       |       |       |     1 ||     1
  Use: Scroll            |     1 |     3 |     4 ||     8
       Potion            |       |       |     2 ||     2
 Stab: Sleeping          |       |       |     1 ||     1
  Eat: Chunk             |       |     8 |     8 ||    16
       Ration            |       |       |     3 ||     3
Armor: Scale mail        |    32 |     7 |       ||    39
       Ring mail         |       |    33 |    62 ||    95
Dodge: Dodged            |    21 |    34 |    44 ||    99
Block: Medium shield     |    44 |    67 |   171 ||   282
